cohdb
Replays
Latest Replays
All Replays
Popular Replays
Top Player Replays
Match Explorer
How It Works
Community
CoH3 Stats
Reddit
Sign in to upload your games and track your stats! →
Sign in with Steam
Match 46932857
Unlisted
Match 46932857
Overview
Messages
Build Orders
End
Panzergrenadier Squad
250 Light Carrier
Panzergrenadier Squad
Selects Panzerjäger Kommand Battlegroup
Selects Panzerjäger Kommand Battlegroup
Construct Light Support Kompanie
Selects GrB 39 Grenade Launcher Requisition
Combat Half-tracks
Fire Support Elements
Vehicle Survival Package
Panzerjäger Mechanized Group
Selects Blockade Equipment
Construct Panzerarmee Kommand
WilllTHENOOBz
我小叮当今晚要搞事!
JIANHU
FLOKL
kimsimin
BazookaJoe
Urge to Merge
Give ma Life 4 Pakistannn
0
0
Comments
sign in to comment!
No comments posted yet!